[Event "ICCopen2017"]
[Site "Internet Chess Club"]
[Date "2017.03.25"]
[Round "11"]
[White "ErnestoRondon"]
[Black "CristianS"]
[Result "1-0"]
[ICCResult "Black forfeits on time"]
[WhiteElo "1862"]
[BlackElo "2083"]
[Opening "King's pawn opening"]
[ECO "B07"]
[NIC "VO.17"]
[Time "16:08:50"]
[TimeControl "180+0"]

1. e4 d6 2. f4 c6 3. d4 Nd7 4. c3 Qc7 5. Nf3 e5 6. fxe5 dxe5 7. Bc4 Be7 8.
Qb3 Ndf6 9. Bxf7+ Kf8 10. O-O Bd6 11. Bxg8 Rxg8 12. dxe5 Bxe5 13. Bf4 Bxf4
14. Nbd2 Qb6+ 15. Kh1 Qxb3 16. Nxb3 Bg4 17. e5 Nd5 18. Nfd4 Ke7 19. c4 Bxh2
20. Kxh2 Ne3 21. Rfe1 Nxc4 22. Kg3 h5 23. Nf3 Rgf8 24. Nbd4 c5 25. Nb5 Rad8
26. Nd6 Nxd6 27. exd6+ Kxd6 28. Rad1+ Kc6 29. Ne5+ Kb6 30. Nxg4 hxg4 31.
Re6+ Kb5 32. Rxd8 Rxd8 33. Re7 Rd2 34. Rxb7+ Kc6 35. Rb3
{Black forfeits on time}
1-0

[Event "ICCopen2017"]
[Site "Internet Chess Club"]
[Date "2017.03.25"]
[Round "11"]
[White "flinkfinger"]
[Black "ajam"]
[Result "1-0"]
[ICCResult "Black resigns"]
[WhiteElo "2179"]
[BlackElo "1925"]
[Opening "Old Indian: main line"]
[ECO "A55"]
[NIC "OI.01"]
[Time "16:08:50"]
[TimeControl "180+0"]

1. c4 Nf6 2. Nf3 d6 3. d4 Nbd7 4. Nc3 e5 5. e4 Be7 6. Be2 O-O 7. O-O Re8 8.
Be3 h6 9. Rc1 Nf8 10. Re1 Ng6 11. Bf1 Bg4 12. h3 Bxf3 13. Qxf3 c6 14. a3 Qc7
15. b4 a5 16. d5 Nh7 17. dxc6 bxc6 18. b5 Bg5 19. bxc6 Qxc6 20. Nd5 Bxe3 21.
Qxe3 Rab8 22. Rb1 Qc5 23. Rb5 Rxb5 24. cxb5 a4 25. Qxc5 dxc5 26. Rc1 Rc8 27.
Rc4 Nf6 28. Nxf6+ gxf6 29. Rxa4 Nf4 30. Rc4 Ne6 31. a4 Rb8 32. Be2 Kf8 33.
Bg4 Ke7 34. Bxe6 fxe6 35. Rxc5 f5 36. Rxe5 Kd6 37. f4 fxe4 38. Rxe4 Ra8 39.
Kf2 Kd5 40. Kf3 Rc8 41. Rb4 Kc5 42. Rb1 Kb6 43. Re1 Rc3+ 44. Kg4 Ra3 45.
Rxe6+ Kc7 46. Ra6 Ra2 47. g3 Ra3 48. f5 {Black resigns} 1-0

[Event "ICCopen2017"]
[Site "Internet Chess Club"]
[Date "2017.03.25"]
[Round "11"]
[White "Weelink"]
[Black "The7thGuest"]
[Result "0-1"]
[ICCResult "White checkmated"]
[WhiteElo "1440"]
[BlackElo "1758"]
[Opening "Beefeater defense"]
[ECO "A40"]
[NIC "QO.17"]
[Time "16:09:25"]
[TimeControl "180+0"]

1. d4 g6 2. c4 Bg7 3. Nc3 c5 4. d5 Bxc3+ 5. bxc3 f5 6. e4 fxe4 7. f3 Nf6 8.
fxe4 Nxe4 9. Qc2 Nf6 10. Nf3 O-O 11. Bh6 Re8 12. Bd3 e6 13. O-O exd5 14.
Bxg6 Re4 15. Bxe4 dxe4 16. Ne5 d6 17. Bg5 dxe5 18. Bxf6 Qd3 19. Qf2 e3 20.
Qg3+ Qg6 21. Qxg6+ hxg6 22. Bxe5 Nc6 23. Bd6 Be6 24. Bxc5 e2 25. Rfe1 Bxc4
26. Rab1 b6 27. Bd4 Nxd4 28. cxd4 Rf8 29. Rb4 Rf1+ 30. Rxf1 exf1=Q#
{White checkmated}
0-1

[Event "ICCopen2017"]
[Site "Internet Chess Club"]
[Date "2017.03.25"]
[Round "11"]
[White "HouseMorgan"]
[Black "sonofmarabu"]
[Result "1-0"]
[ICCResult "Black checkmated"]
[WhiteElo "2042"]
[BlackElo "1699"]
[Opening "Queen's pawn game"]
[ECO "D05"]
[NIC "QP.08"]
[Time "16:09:16"]
[TimeControl "180+0"]

1. d4 d5 2. Nf3 e6 3. e3 Nf6 4. Bd3 Bd6 5. Nbd2 c6 6. O-O Nbd7 7. c4 O-O 8.
b3 b6 9. Bb2 Bb7 10. Ne5 c5 11. Qe2 Ne4 12. Rad1 f6 13. Nxd7 Qxd7 14. cxd5
exd5 15. dxc5 Nxc5 16. Bb1 Rfe8 17. Qh5 h6 18. Qg6 Qf7 19. Qh7+ Kf8 20. Bg6
Qg8 21. Qxg8+ Kxg8 22. Bxe8 Rxe8 23. Nf3 Kf7 24. Rfe1 Ne4 25. Nd2 Bb4 26.
Nxe4 dxe4 27. Rd7+ Ke6 28. Red1 Bc6 29. Rxg7 Be7 30. h3 Bb5 31. Rd4 Bd3 32.
f3 f5 33. Rg6+ Kf7 34. Rxh6 Rc8 35. Rh7+ Ke6 36. fxe4 fxe4 37. Rh6+ Kf7 38.
Rd7 Ke8 39. Rxa7 Rc2 40. Ba3 Bg5 41. Rh8# {Black checkmated} 1-0

[Event "ICCopen2017"]
[Site "Internet Chess Club"]
[Date "2017.03.25"]
[Round "11"]
[White "Papasha"]
[Black "Kusox"]
[Result "1-0"]
[ICCResult "Black resigns"]
[WhiteElo "2501"]
[BlackElo "2193"]
[Opening "Sicilian: Najdorf, Lipnitzky attack"]
[ECO "B86"]
[NIC "SI.13"]
[Time "16:10:27"]
[TimeControl "180+0"]

1. e4 c5 2. Nf3 d6 3. d4 cxd4 4. Nxd4 Nf6 5. Nc3 a6 6. Bc4 e6 7. a4 Qc7 8.
Ba2 Nc6 9. O-O Be7 10. Be3 O-O 11. Kh1 Ne5 12. Qe2 Bd7 13. f4 Nc6 14. Rad1
Rac8 15. f5 Nxd4 16. Rxd4 e5 17. Rd2 Bc6 18. Bg5 h6 19. Bxf6 Bxf6 20. Bb3
Qa5 21. Rxd6 Rfd8 22. Rxf6 gxf6 23. Qh5 Be8 24. Qxh6 Rxc3 25. bxc3 Qxc3 26.
Qxf6 Rd2 27. Qg5+ Kf8 28. f6 {Black resigns} 1-0

[Event "ICCopen2017"]
[Site "Internet Chess Club"]
[Date "2017.03.25"]
[Round "11"]
[White "Kandor"]
[Black "MrsPiggy"]
[Result "0-1"]
[ICCResult "White checkmated"]
[WhiteElo "1158"]
[BlackElo "1317"]
[Opening "Philidor's defense"]
[ECO "C41"]
[NIC "KP.10"]
[Time "16:09:45"]
[TimeControl "180+0"]

1. e4 e5 2. Nf3 d6 3. d3 Nf6 4. g3 g6 5. Bg2 Bg7 6. O-O c6 7. Nbd2 O-O 8. c3
b6 9. b3 Bb7 10. h3 a6 11. Kh2 h6 12. Qe2 Nh7 13. Re1 Nf6 14. Nf1 Nbd7 15.
Be3 d5 16. d4 dxe4 17. N3d2 c5 18. dxe5 Nxe5 19. Bf4 Nd3 20. Red1 Nb2 21.
Rdb1 Nd3 22. Rd1 Re8 23. Nxe4 Nxe4 24. Bxe4 Bxe4 25. f3 Bf5 26. Qxd3 Bxd3
27. Ne3 Bxc3 28. Rac1 Bb2 29. Rxd3 Qxd3 30. Rd1 Qe2+ 31. Kg1 Rxe3 32. Bxe3
Qxd1+ 33. Kf2 Rd8 34. g4 Bd4 35. Bxd4 Rxd4 36. Kg3 Qe1+ 37. Kg2 Rd2#
{White checkmated}
0-1

[Event "ICCopen2017"]
[Site "Internet Chess Club"]
[Date "2017.03.25"]
[Round "11"]
[White "FlyCatcher"]
[Black "DEHO"]
[Result "0-1"]
[ICCResult "White forfeits on time"]
[WhiteElo "2376"]
[BlackElo "2119"]
[Opening "Réti: King's Indian attack (Barcza system)"]
[ECO "A07"]
[NIC "QP.09"]
[Time "16:08:57"]
[TimeControl "180+0"]

1. Nf3 d5 2. g3 Nf6 3. Bg2 g6 4. c4 dxc4 5. Qa4+ Nc6 6. Ne5 Bd7 7. Nxc6 Bxc6
8. Bxc6+ bxc6 9. Qxc6+ Nd7 10. Nc3 Bg7 11. O-O O-O 12. Qxc4 Rb8 13. Rd1 Ne5
14. Qh4 e6 15. Qxd8 Rfxd8 16. b3 c5 17. Rb1 Nf3+ 18. Kg2 Nxh2 19. Ne4 Ng4
20. Nxc5 Rbc8 21. b4 Bd4 22. f3 Bxc5 23. bxc5 Ne3+ 24. dxe3 Rxd1 25. e4 h5
26. a3 Kh7 27. Ra1 Rxc5 28. Be3 Rxa1 29. Bxc5 a5 30. Kf2 a4 31. Ke3 Rb1 32.
Kf4 Rb2 33. e3 Rb3 34. e5 Rb1 35. Kg5 Kg7 36. Be7 Rb3 37. Bc5 Rb1 38. g4
hxg4 39. Kxg4 Rb3 40. Kf4 f6 41. exf6+ Kxf6 42. Ke4 g5 43. Bd4+ Kg6 44. Bc5
Rb1 45. Ke5 Kf7 46. Ke4 Rf1 {White forfeits on time} 0-1

[Event "ICCopen2017"]
[Site "Internet Chess Club"]
[Date "2017.03.25"]
[Round "11"]
[White "fletcherdavid"]
[Black "weakfish"]
[Result "1-0"]
[ICCResult "Black forfeits on time"]
[WhiteElo "1746"]
[BlackElo "1271"]
[Opening "Amar (Paris) opening"]
[ECO "A00"]
[NIC "VO.16"]
[Time "16:08:52"]
[TimeControl "180+0"]

1. Nh3 d5 2. g3 e5 3. d3 h6 4. f4 Nc6 5. Nf2 Bd6 6. fxe5 Nxe5 7. Bg2 Nf6 8.
O-O c6 9. Nc3 Bf5 10. e4 dxe4 11. Ncxe4 Nxe4 12. Nxe4 Bg6 13. Bf4 Bxe4 14.
Bxe4 Qe7 15. c3 O-O 16. Qc2 Ng4 17. Rae1 Bc5+ 18. d4 Bxd4+ 19. cxd4 Qd7 20.
Be5 Nxe5 21. dxe5 Rfe8 22. Bf5 Qd4+ 23. Qf2 Qb4 24. e6 fxe6 25. Bxe6+ Kh8
26. Bb3 c5 27. Rxe8+ Rxe8 28. Qf4 {Black forfeits on time} 1-0

[Event "ICCopen2017"]
[Site "Internet Chess Club"]
[Date "2017.03.25"]
[Round "11"]
[White "zepelin"]
[Black "flashlight"]
[Result "1/2-1/2"]
[ICCResult "Black stalemated"]
[WhiteElo "1990"]
[BlackElo "2034"]
[Opening "Sicilian defense"]
[ECO "B40"]
[NIC "SI.43"]
[Time "16:09:32"]
[TimeControl "180+0"]

1. e4 c5 2. Nf3 e6 3. c3 d5 4. exd5 Qxd5 5. d4 Nf6 6. Be3 Ng4 7. Bf4 Nc6 8.
h3 Nf6 9. Na3 cxd4 10. Nb5 Qe4+ 11. Be3 Nd5 12. Bd3 Nxe3 13. Bxe4 Nxd1 14.
Nc7+ Kd8 15. Nxa8 Nxb2 16. Nxd4 Nxd4 17. cxd4 Bb4+ 18. Kf1 Bd7 19. Bxb7 Ke7
20. g3 Rb8 21. Bf3 Bd6 22. Kg2 Na4 23. Rab1 Rd8 24. Rb7 Kf6 25. Rxa7 g5 26.
Rb1 Nc3 27. Rb3 Nd5 28. Bxd5 exd5 29. Nb6 Bf5 30. Nxd5+ Kg7 31. Ne3 Be4+ 32.
f3 Bg6 33. Rbb7 Bf8 34. Rd7 Re8 35. Kf2 Rb8 36. g4 Rb2+ 37. Kg3 Re2 38. Nf5+
Bxf5 39. Rxf7+ Kg6 40. gxf5+ Kh5 41. Rxh7+ Bh6 42. Ra6 Rg2+ 43. Kxg2 g4 44.
hxg4+ Kg5 45. Rg6+ Kf4 46. Rgxh6 Kg5 47. f6 Kf4 48. f7 Ke3 49. f8=Q Kd3 50.
d5 Kc4 51. d6 Kc5 52. d7+ Kd4 53. d8=Q+ Kc3 54. Qd5 Kb2 55. Qfc5 Ka1 56.
Qdc4 Kb2 57. Rh2 Ka1 58. Qb3 {Black stalemated} 1/2-1/2

[Event "ICCopen2017"]
[Site "Internet Chess Club"]
[Date "2017.03.25"]
[Round "11"]
[White "MysteryRook"]
[Black "TeddyBear"]
[Result "1-0"]
[ICCResult "Black resigns"]
[WhiteElo "1776"]
[BlackElo "1541"]
[Opening "Caro-Kann defense"]
[ECO "B11"]
[NIC "CK.01"]
[Time "16:09:26"]
[TimeControl "180+0"]

1. e4 c6 2. Nc3 d5 3. Qe2 d4 4. Nd1 c5 5. g3 e5 6. Bg2 Nf6 7. h3 Bd6 8. Nf3
O-O 9. O-O h6 10. d3 Be6 11. Kh2 Nc6 12. Ng1 Nd7 13. f4 f5 14. exf5 Bxf5 15.
g4 Bg6 16. f5 Bf7 17. Kh1 Nf6 18. Nf2 Bd5 19. Ne4 Bc7 20. Nxc5 Bxg2+ 21.
Qxg2 Qc8 22. a3 Ne7 23. Ne6 Re8 24. g5 Nxf5 25. Nxg7 Nxg7 26. gxf6 Qd7 27.
Bxh6 {Black resigns} 1-0

[Event "ICCopen2017"]
[Site "Internet Chess Club"]
[Date "2017.03.25"]
[Round "11"]
[White "Dodgy"]
[Black "knightspirit"]
[Result "1-0"]
[ICCResult "Black checkmated"]
[WhiteElo "1908"]
[BlackElo "1259"]
[Opening "Old Indian defense"]
[ECO "A53"]
[NIC "OI.07"]
[Time "16:10:04"]
[TimeControl "180+0"]

1. d4 d6 2. c4 Nf6 3. Nf3 Nbd7 4. g3 e6 5. Bg2 Be7 6. Nc3 O-O 7. O-O c6 8.
e4 d5 9. e5 a6 10. cxd5 exd5 11. exf6 Nxf6 12. Re1 Re8 13. Ne5 Bd6 14. Bg5
Be7 15. Qd3 Qb6 16. Bxf6 Bxf6 17. Nxf7 Kxf7 18. Qxh7 Qxd4 19. Qh5+ g6 20.
Qh7+ Bg7 21. Rxe8 Kxe8 22. Qg8+ Kd7 23. Qf7+ Kd6 24. Rd1 Be6 25. Qxb7 Rf8
26. Rxd4 Bxd4 27. Qb4+ c5 28. Qb6+ Ke5 29. Nd1 Bg4 30. Qc7+ Kf6 31. Qd6+ Kg7
32. Ne3 Rxf2 33. Kxf2 Bh3 34. Qe7+ Kg8 35. Bxh3 Bc3 36. Be6+ Kh8 37. Qf7 g5
38. Qg8# {Black checkmated} 1-0

[Event "ICCopen2017"]
[Site "Internet Chess Club"]
[Date "2017.03.25"]
[Round "11"]
[White "Khanzer17"]
[Black "PerMag"]
[Result "1-0"]
[ICCResult "Black resigns"]
[WhiteElo "1945"]
[BlackElo "1738"]
[Opening "Sicilian: Taimanov variation"]
[ECO "B48"]
[NIC "SI.39"]
[Time "16:09:37"]
[TimeControl "180+0"]

1. e4 c5 2. Nf3 e6 3. d4 cxd4 4. Nxd4 Nc6 5. Nc3 a6 6. Be3 Qc7 7. Qd2 Nf6 8.
O-O-O Ng4 9. Bf4 e5 10. Nd5 Qd8 11. Bg5 f6 12. Nf5 fxg5 13. f3 Nf6 14. Bc4
d6 15. Qxg5 Nxd5 16. Nxg7+ Bxg7 17. Qxg7 Rf8 18. Bxd5 Qf6 19. Qxh7 Be6 20.
Qh5+ Bf7 21. Bxf7+ Qxf7 22. Qxf7+ Rxf7 23. Rxd6 Rd8 24. Rxd8+ Nxd8 25. Kd2
Nc6 26. c3 Rd7+ 27. Ke3 Rg7 28. g4 Na5 29. b3 Nc6 30. h4 Kf7 31. g5 Kg6 32.
f4 Kh5 33. f5 Rd7 34. f6 Nd8 35. Rf1 Rf7 36. Rf5 Ne6 37. Rxe5 Kxh4 38. Rxe6
Kxg5 39. e5 Rh7 40. Re7 Rh3+ 41. Kd4 Rh4+ 42. Kc5 Rh3 43. c4 Rh2 44. f7
{Black resigns}
1-0

[Event "ICCopen2017"]
[Site "Internet Chess Club"]
[Date "2017.03.25"]
[Round "11"]
[White "waynerooney"]
[Black "Marblerevealer"]
[Result "1-0"]
[ICCResult "Black forfeits on time"]
[WhiteElo "1964"]
[BlackElo "1763"]
[Opening "Caro-Kann: exchange variation"]
[ECO "B13"]
[NIC "CK.02"]
[Time "16:09:19"]
[TimeControl "180+0"]

1. e4 c6 2. d4 d5 3. exd5 cxd5 4. Bd3 Nc6 5. Nf3 Nf6 6. c3 g6 7. O-O Bg7 8.
Bg5 Qb6 9. Qc2 O-O 10. Nbd2 Re8 11. Rfe1 Bd7 12. Re2 Rac8 13. Rae1 Nb4 14.
Qb1 Nxd3 15. Qxd3 Bb5 16. c4 dxc4 17. Qc3 Nd5 18. Qa3 c3 19. bxc3 Bxe2 20.
Rxe2 Rxc3 21. Qa4 Rec8 22. Ne4 R3c4 23. Qd7 e6 24. h4 R4c7 25. Qd6 Qxd6 26.
Nxd6 Rb8 27. Bf4 Nxf4 28. Rd2 Rc1+ 29. Kh2 Nd5 30. Ng5 Rc7 31. Rd3 b5 32.
Ndxf7 Rxf7 33. Nxf7 Kxf7 34. Rf3+ Ke7 35. g4 Rf8 36. h5 Rxf3 37. Kg2 Rd3 38.
hxg6 hxg6 39. g5 Bxd4 40. f3 Rd2+ 41. Kg3 {Black forfeits on time} 1-0

[Event "ICCopen2017"]
[Site "Internet Chess Club"]
[Date "2017.03.25"]
[Round "11"]
[White "alejandrorios"]
[Black "Barbos"]
[Result "1-0"]
[ICCResult "Black forfeits on time"]
[WhiteElo "1969"]
[BlackElo "2383"]
[Opening "Sicilian"]
[ECO "B56"]
[NIC "SI.25"]
[Time "16:08:57"]
[TimeControl "180+0"]

1. e4 c5 2. Nf3 d6 3. d4 cxd4 4. Nxd4 Nf6 5. Nc3 Nc6 6. Be3 Ng4 7. Bb5 Nxe3
8. fxe3 Bd7 9. Bxc6 bxc6 10. O-O e6 11. Qf3 Qf6 12. Qe2 Qe7 13. Qa6 Rc8 14.
Qxa7 c5 15. Ndb5 Bxb5 16. Qxe7+ Bxe7 17. Nxb5 O-O 18. Rfd1 Rfd8 19. c4 Bf6
20. Rab1 Be5 21. a4 Ra8 22. b3 Kf8 23. g3 Ke7 24. Rd3 h5 25. Rbd1 g5 26. Kg2
g4 27. Rf1 h4 28. gxh4 Rh8 29. Rd2 Rxh4 30. Kg1 Rah8 31. Rff2 Rh3 32. Rg2 g3
33. a5 gxh2+ 34. Kh1 Rxe3 35. Rd1 Ra8 36. Ra2 Rxb3 37. a6 Rb4 38. a7 Rxc4
39. Nc7 Rxa7 40. Rxa7 Kf6 41. Rf1+ Kg5 42. Ne8 Rxe4 43. Raxf7 c4 44. Re7 Bd4
45. Nxd6 Re2 46. Nxc4 Kg4 47. Re8 e5 48. Rg8+ Kh3 49. Nd6 Bf2 50. Nf5 e4 51.
Rh8+ Kg4 52. Rxh2 e3 53. Nxe3+ Kf3 54. Rh3+ Ke4 55. Ng2 {Black forfeits on
time} 1-0

[Event "ICCopen2017"]
[Site "Internet Chess Club"]
[Date "2017.03.25"]
[Round "11"]
[White "Istrebitel"]
[Black "schastlivchik"]
[Result "1/2-1/2"]
[ICCResult "Game drawn by repetition"]
[WhiteElo "1710"]
[BlackElo "1775"]
[Opening "Alekhine's defense: modern, Flohr variation"]
[ECO "B05"]
[NIC "AL.03"]
[Time "16:09:09"]
[TimeControl "180+0"]

1. e4 Nf6 2. e5 Nd5 3. d4 d6 4. Nf3 Bg4 5. Be2 c6 6. Nbd2 Bxf3 7. Nxf3 dxe5
8. dxe5 e6 9. O-O Nd7 10. c4 Ne7 11. Bg5 Qa5 12. Bf4 Ng6 13. Bd2 Qc7 14. Bc3
O-O-O 15. Re1 Nf4 16. Bf1 Nc5 17. Qc2 Ncd3 18. Re3 Nb4 19. Qb3 Nbd3 20. Qc2
Nb4 21. Qa4 Na6 22. a3 Bc5 23. Ree1 Nd3 24. Re4 Nxf2 25. Re2 Nd1+ 26. Kh1
Nxc3 27. bxc3 Bb6 28. Rb1 Nc5 29. Qc2 h6 30. Nd4 Nd7 31. Nb3 Nc5 32. Nd4 Nd7
33. Nb3 Nc5 34. Nd4 {Game drawn by repetition} 1/2-1/2

[Event "ICCopen2017"]
[Site "Internet Chess Club"]
[Date "2017.03.25"]
[Round "11"]
[White "touchthis"]
[Black "oriGinal"]
[Result "1-0"]
[ICCResult "Black resigns"]
[WhiteElo "1401"]
[BlackElo "1692"]
[Opening "Bird's opening"]
[ECO "A02"]
[NIC "VO.07"]
[Time "16:12:59"]
[TimeControl "180+0"]

1. f4 d6 2. Nf3 g6 3. e3 Bg4 4. Be2 Nc6 5. b3 e5 6. fxe5 Nxe5 7. Nxe5 Bxe2
8. Qxe2 dxe5 9. Bb2 Bg7 10. O-O Ne7 11. d3 O-O 12. Nd2 f5 13. Nf3 Nd5 14.
Nxe5 Nb4 15. Rfc1 Qg5 16. Nf3 Qg4 17. Bxg7 Kxg7 18. Nd4 Qg5 19. Ne6+
{Black resigns}
1-0

[Event "ICCopen2017"]
[Site "Internet Chess Club"]
[Date "2017.03.25"]
[Round "11"]
[White "CapitanCentella"]
[Black "fearlessone"]
[Result "0-1"]
[ICCResult "White resigns"]
[WhiteElo "1782"]
[BlackElo "1697"]
[Opening "Old Indian defense"]
[ECO "A42"]
[NIC "OI.07"]
[Time "16:09:08"]
[TimeControl "180+0"]

1. d4 d6 2. c4 Nd7 3. Nc3 e6 4. e3 Ne7 5. Nf3 g6 6. Bd3 Bg7 7. Qc2 O-O 8. h4
h5 9. Ng5 b6 10. f4 Nf5 11. Bxf5 exf5 12. b3 Nf6 13. Bb2 Bb7 14. O-O-O Ng4
15. Rde1 Re8 16. d5 Rxe3 17. Rxe3 Nxe3 18. Qd2 Ng4 19. Re1 Qd7 20. Qe2 Rd8
21. Nd1 Bxb2+ 22. Nxb2 c6 23. dxc6 Bxc6 24. Nd3 Re8 25. Qd2 Rxe1+ 26. Qxe1
Qe8 27. Qxe8+ Bxe8 28. g3 Bd7 29. Nf3 Kf8 30. Kd2 Ke7 31. Ke2 Bc6 32. Nd4
Kd7 33. Nxc6 Kxc6 34. Nb4+ Kc5 35. Nd3+ Kd4 36. Kd2 Nf6 37. Nb4 Ne4+ 38. Ke2
Nxg3+ 39. Kf3 Ne4 40. Nc6+ Kc5 41. Nxa7 Nc3 42. a3 Nb1 43. a4 Nd2+ 44. Ke3
Nxb3 45. Nc8 Na5 46. Kd3 Nxc4 47. Ne7 Nb2+ 48. Kc3 Nxa4+ 49. Kd3 Nb2+ 50.
Kc3 Nc4 51. Kd3 b5 52. Nc8 b4 53. Na7 b3 54. Kc3 b2 55. Kc2 d5 56. Nc8 d4
57. Ne7 d3+ 58. Kb1 d2 {White resigns} 0-1

[Event "ICCopen2017"]
[Site "Internet Chess Club"]
[Date "2017.03.25"]
[Round "11"]
[White "bumbleball"]
[Black "A4-H5"]
[Result "1-0"]
[ICCResult "Black checkmated"]
[WhiteElo "1669"]
[BlackElo "1757"]
[Opening "Sicilian: Grand Prix attack"]
[ECO "B23"]
[NIC "SI.44"]
[Time "16:09:14"]
[TimeControl "180+0"]

1. e4 c5 2. Nc3 Nc6 3. f4 g6 4. Nf3 Bg7 5. Bb5 Nd4 6. O-O Nxb5 7. Nxb5 d5 8.
exd5 a6 9. Nc3 Nf6 10. d4 Nxd5 11. dxc5 Nxc3 12. Qxd8+ Kxd8 13. bxc3 Bxc3
14. Rd1+ Bd7 15. Rb1 Kc7 16. Ne5 Be6 17. Be3 Bxa2 18. Rd7+ Kc8 19. Rbxb7
Bxe5 20. fxe5 Bd5 21. Rbc7+ Kb8 22. c6 a5 23. Rb7+ Kc8 24. Rxd5 a4 25. Bc5
a3 26. Rd1 Ra5 27. Bxe7 Ra6 28. Bd6 Ra8 29. Rxf7 a2 30. Ra1 Ra6 31. Rb7 Kd8
32. Rb8# {Black checkmated} 1-0

[Event "ICCopen2017"]
[Site "Internet Chess Club"]
[Date "2017.03.25"]
[Round "11"]
[White "Huty"]
[Black "checkmatiste"]
[Result "1/2-1/2"]
[ICCResult "White ran out of time and Black has no material to mate"]
[WhiteElo "1405"]
[BlackElo "1550"]
[Opening "QGD semi-Slav: 5.e3"]
[ECO "D45"]
[NIC "SL.08"]
[Time "16:09:11"]
[TimeControl "180+0"]

1. d4 d5 2. Nf3 Nf6 3. c4 c6 4. Nc3 e6 5. e3 Be7 6. Bd3 O-O 7. O-O c5 8.
cxd5 exd5 9. Qc2 Nc6 10. Rd1 c4 11. Be2 Bg4 12. Ne5 Bxe2 13. Nxe2 Ne4 14. f3
Nd6 15. Ng3 Bf6 16. e4 Nxe5 17. dxe5 Bxe5 18. Rxd5 Qe7 19. f4 Bf6 20. e5 Qe6
21. Rxd6 Qg4 22. exf6 Rad8 23. Rxd8 Rxd8 24. Bd2 gxf6 25. Re1 Rd3 26. Re3 b5
27. Rxd3 cxd3 28. Qxd3 Qd1+ 29. Nf1 Kg7 30. Qg3+ Kf8 31. Bc3 Qd6 32. Qh4
Qb6+ 33. Kh1 Ke7 34. Qxf6+ Ke8 35. Qxb6 axb6 36. Ne3 Ke7 37. g3 Ke6 38. Kg2
f5 39. Kf3 b4 40. Bd2 Kd6 41. a3 Kc5 42. axb4+ Kd4 43. Bc3+ Kd3 44. h3 b5
45. h4 h5 46. g4 hxg4+ 47. Kg3 Ke4 48. Be5 Kd3 49. Nxf5 Kc2 50. Kxg4 Kb3 51.
Nd6 Kxb4 52. Nxb5 Kxb5 53. h5 Kc6 54. h6 Kd5 55. h7 Ke4 56. h8=Q Ke3
{White ran out of time and Black has no material to mate}
1/2-1/2

[Event "ICCopen2017"]
[Site "Internet Chess Club"]
[Date "2017.03.25"]
[Round "11"]
[White "trucker"]
[Black "Step2Me"]
[Result "0-1"]
[ICCResult "White forfeits on time"]
[WhiteElo "1503"]
[BlackElo "1412"]
[Opening "Ruy Lopez: Berlin defense, 4.O-O"]
[ECO "C65"]
[NIC "RL.07"]
[Time "16:09:16"]
[TimeControl "180+0"]

1. e4 e5 2. Nf3 Nc6 3. Bb5 Nf6 4. O-O Be7 5. Re1 d6 6. c3 O-O 7. h3 Re8 8.
d4 exd4 9. cxd4 Bd7 10. Nc3 Qc8 11. e5 dxe5 12. d5 Nd4 13. Nxd4 exd4 14.
Qxd4 Bxb5 15. Nxb5 Qd7 16. Nc3 Bd6 17. Bg5 Qf5 18. Bxf6 gxf6 19. Qg4+ Qxg4
20. hxg4 Re5 21. Rxe5 Bxe5 22. Re1 Rd8 23. Rd1 c6 24. dxc6 Rxd1+ 25. Nxd1
bxc6 26. g3 Kf8 27. Kf1 Ke7 28. Ke2 Kd6 29. Kd3 Kd5 30. Nc3+ Kc5 31. Ne4+
Kd5 32. b4 a6 33. f4 Ba1 34. a4 h6 35. Nc3+ Kd6 36. Kc4 Bb2 37. Ne4+ Ke6 38.
Kc5 Ba3 39. Nd2 Kd7 40. Nc4 Kc7 41. Nxa3 Kd7 42. Nc4 Ke6 43. Kxc6 Ke7 44.
Kb6 Kd7 45. Kxa6 Kc8 46. Kb6 Kb8 47. b5 Ka8 48. a5 Kb8 49. a6 Ka8 50. Nd6
Kb8 51. a7+ Ka8 {White forfeits on time} 0-1

[Event "ICCopen2017"]
[Site "Internet Chess Club"]
[Date "2017.03.25"]
[Round "11"]
[White "yachikoham"]
[Black "LouiseErdrich"]
[Result "0-1"]
[ICCResult "White forfeits on time"]
[WhiteElo "1294"]
[BlackElo "1149"]
[Opening "Philidor: Steinitz variation"]
[ECO "C41"]
[NIC "KP.10"]
[Time "16:08:47"]
[TimeControl "180+0"]

1. e4 e5 2. Nf3 d6 3. Bc4 Be7 4. c3 Nf6 5. d3 O-O 6. Nbd2 Bg4 7. h3 Bh5 8.
g4 Bg6 9. Nh4 Kh8 10. Nxg6+ fxg6 11. Nf1 Ng8 12. Be3 Bh4 13. Ng3 Bxg3 14.
fxg3 Qe7 15. Qe2 Nd7 16. O-O-O a5 17. a3 Nb6 18. Ba2 Nd7 19. h4 b5 20. Bg5
Ngf6 21. h5 h6 22. hxg6 b4 23. Bxh6 gxh6 24. Rxh6+ Kg7 25. g5 bxc3 26. gxf6+
Nxf6 27. bxc3 Rh8 28. Rxh8 Rxh8 29. g4 c6 30. g5 Nh5 31. Qg4 Nf4
{White forfeits on time}
0-1

[Event "ICCopen2017"]
[Site "Internet Chess Club"]
[Date "2017.03.25"]
[Round "11"]
[White "audipudy"]
[Black "blunder23"]
[Result "1-0"]
[ICCResult "Black checkmated"]
[WhiteElo "1576"]
[BlackElo "1456"]
[Opening "Sicilian: Labourdonnais-Löwenthal (Kalashnikov) variation"]
[ECO "B32"]
[NIC "SI.32"]
[Time "16:08:53"]
[TimeControl "180+0"]

1. e4 c5 2. Nf3 Nc6 3. d4 cxd4 4. Nxd4 e5 5. Nb5 d6 6. c4 a6 7. N5c3 Nf6 8.
Be2 Be6 9. Be3 Be7 10. O-O O-O 11. Nd2 Nd4 12. Nb3 Nxe2+ 13. Qxe2 Qc7 14.
Nd5 Nxd5 15. cxd5 Bd7 16. Rfc1 Qd8 17. a4 Bg5 18. Bxg5 Qxg5 19. Rc7 Bh3 20.
Qf3 Bg4 21. Qg3 Qf4 22. Qxf4 exf4 23. Rxb7 Rab8 24. Na5 f3 25. Rc1 Rxb7 26.
Nxb7 fxg2 27. Kxg2 f5 28. f3 Bh5 29. Nxd6 fxe4 30. fxe4 Rd8 31. Rc6 a5 32.
e5 Be8 33. Nxe8 Rxe8 34. e6 Kf8 35. Rc7 Re7 36. Rxe7 Kxe7 37. Kf3 Kd6 38.
Kf4 h6 39. Kf5 h5 40. Kg6 h4 41. Kf7 g5 42. e7 g4 43. e8=Q g3 44. hxg3 hxg3
45. Qb8+ Kxd5 46. Qxg3 Kc4 47. Qc3+ Kd5 48. Qxa5+ Kd4 49. Qb6+ Kc4 50. a5
Kd3 51. a6 Ke4 52. a7 Kf5 53. a8=Q Ke5 54. Qa4 Kd5 55. Qbd4# {Black
checkmated} 1-0

[Event "ICCopen2017"]
[Site "Internet Chess Club"]
[Date "2017.03.25"]
[Round "11"]
[White "Giantvin"]
[Black "Fight-Chess"]
[Result "0-1"]
[ICCResult "White forfeits on time"]
[WhiteElo "1934"]
[BlackElo "1824"]
[Opening "Queen's pawn game"]
[ECO "A45"]
[NIC "QP.07"]
[Time "16:08:53"]
[TimeControl "180+0"]

1. d4 Nf6 2. c3 g6 3. c4 Bg7 4. Nc3 O-O 5. e4 d6 6. Nf3 c5 7. d5 e6 8. Bd3
exd5 9. cxd5 b5 10. Bxb5 Nxe4 11. Nxe4 Qa5+ 12. Nfd2 Qxb5 13. Nxd6 Qa6 14.
N2c4 Nd7 15. O-O Ne5 16. Nxe5 Bxe5 17. Nxc8 Raxc8 18. Re1 Qd6 19. g3 Rfd8
20. Be3 Bxb2 21. Rb1 Bc3 22. Re2 Qxd5 23. Qxd5 Rxd5 24. Rc2 Bd4 25. Rd1 Rcd8
26. Bxd4 cxd4 27. Rd3 R8d7 28. Rc4 Kg7 29. f4 Kf6 30. Kf2 h5 31. Kf3 Kf5 32.
h3 g5 33. g4+ hxg4+ 34. hxg4+ Kf6 35. f5 Ke5 36. Ra4 a5 37. a3 Rc7 38. f6
Rc1 39. Ke2 Rc2+ 40. Kf3 Rc3 41. Ke2 Rc2+ 42. Kf3 Rc1 43. Ke2 Rg1 44. Kf3
Rf1+ 45. Ke2 Rxf6 46. Rh3 Rf4 47. Rg3 d3+ 48. Kd2 Rxa4 49. Re3+ Kf4
{White forfeits on time}
0-1

[Event "ICCopen2017"]
[Site "Internet Chess Club"]
[Date "2017.03.25"]
[Round "11"]
[White "anakinnn"]
[Black "bladerunner020"]
[Result "0-1"]
[ICCResult "White resigns"]
[WhiteElo "1195"]
[BlackElo "1238"]
[Opening "Giuoco Piano"]
[ECO "C54"]
[NIC "IG.02"]
[Time "16:09:53"]
[TimeControl "180+0"]

1. e4 e5 2. Nf3 Nc6 3. Bc4 Bc5 4. c3 Nf6 5. d4 exd4 6. cxd4 Bb4+ 7. Bd2
Bxd2+ 8. Nbxd2 O-O 9. O-O d6 10. e5 dxe5 11. dxe5 Nd5 12. h3 Nce7 13. Qc2
Bf5 14. Bd3 Nb4 15. Qb3 Nxd3 16. Qxb7 Nc5 17. Qb5 Qd5 18. Rfd1 c6 19. Qa5
Nb7 20. Qc7 Qd7 21. Qxd7 Bxd7 22. Nc4 Be6 23. Nd6 Nxd6 24. exd6 Nd5 25. Ng5
Rad8 26. Nxe6 fxe6 27. Rac1 Rxd6 28. Rc5 Rfd8 29. Rdc1 Nf4 30. Ra5 Ne2+
{White resigns}
0-1